 Dungeon Crawl Stone Soup version 0.31.0-12-g77e489cdc1 (webtiles) character file.

Game seed: 6171731720181105337

3 RancidPinata the Sneak (level 1, -13/16 HPs)
             Began as an Octopode Delver on Feb 13, 2024.
             Mangled by Edmund
             ... wielding a +1 dire flail of protection
              (14 damage)
             ... on level 4 of the Dungeon.
             The game lasted 00:01:07 (211 turns).

RancidPinata the Sneak (Octopode Delver)             Turns: 211, Time: 00:01:09

Health: -13/16     AC:  1    Str: 11    XL:     1   Next: 50%
Magic:  1/1        EV: 13    Int: 12    God:
Gold:   0          SH:  0    Dex: 13    Spells: 0/0 levels left

rFire   . . .        a - +0 short sword
rCold   . . .        (no shield)
rNeg    . . .        (helmet restricted)
rPois   .            (no amulet)
rElec   .            (no ring)
rCorr   .            (no ring)
SInv    .            (no ring)
Will    .....        (no ring)
Stlth   ++++         (no ring)
HPRegen 0.22/turn    (no ring)
MPRegen 0.07/turn    (no ring)
                     (no ring)

%: no passive effects
@: no status effects
A: almost no armour, amphibious, 8 rings, camouflage 1, gelatinous body 1,
(nimble swimmer 1), tentacles
a: no special abilities


You were on level 4 of the Dungeon.
You visited 1 branch of the dungeon, and saw 3 of its levels.

Inventory:

Hand Weapons
 a - a +0 short sword (weapon)
Missiles
 g - 5 stones (quivered)
Wands
 f - a wand of digging (3)
Scrolls
 b - a scroll of fog
 c - a scroll of revelation
 d - a scroll of fear
 h - a scroll of identify {unknown}
Potions
 e - a potion of haste
 i - a potion of curing {unknown}


   Skills:
 * Level 3.0 Fighting
 + Level 2.0 Short Blades
 * Level 2.1 Dodging
 * Level 6.6 Stealth


You couldn't memorise any spells.
You didn't know any spells.
Your spell library was empty.

Dungeon Overview and Level Annotations

Branches:
Dungeon (6/15)
 Temple: D:4-7

Altars:

Annotations:
D:4 Edmund


Innate Abilities, Weirdness & Mutations

You cannot wear most types of armour.
You are amphibious.
You can wear up to eight rings at the same time.
Your skin changes colour to match your surroundings (Stealth+).
Your rubbery body absorbs attacks. (AC +1, EV +1)
((You are camouflaged when in or above water. (Stealth+)))
You have tentacles for arms and can constrict up to eight enemies at once.


Message History

The helpless Edmund fails to defend himself.
You puncture Edmund! You grab Edmund.
Edmund is moderately wounded.
You constrict Edmund, but do no damage. Edmund closely misses you.
You hit Edmund.
Edmund is heavily wounded.
You constrict Edmund. Edmund barely misses you.
You completely miss Edmund. You squeeze Edmund.
Edmund is heavily wounded.
You constrict Edmund. Edmund barely misses you.
You hit Edmund but do no damage.
Edmund is heavily wounded.
You constrict Edmund, but do no damage. Edmund barely misses you.
You hit Edmund.
Edmund is heavily wounded.
You constrict Edmund, but do no damage. Edmund misses you.
You barely miss Edmund.
Edmund is heavily wounded.
You constrict Edmund.
Edmund says, "People accused me of being a cutpurse!"
Edmund hits you with a +1 dire flail of protection.
You hit Edmund but do no damage.
Edmund is severely wounded.
You constrict Edmund, but do no damage. You hit Edmund but do no damage.
You squeeze Edmund.
Edmund is severely wounded.
You constrict Edmund, but do no damage. Edmund barely misses you.
You hit Edmund. You squeeze Edmund.
Edmund is almost dead.
You constrict Edmund, but do no damage.
Edmund hits you with a +1 dire flail of protection!
Ouch! That really hurt!
* * * LOW HITPOINT WARNING * * *
You hit Edmund but do no damage.
Edmund is almost dead.
You constrict Edmund, but do no damage.
Edmund hits you with a +1 dire flail of protection!
Ouch! That really hurt!
You die...
Edmund says, "I'd like to see a scythe do that!"

########
#......#
#...(..#
#......#
#..@@..#
#......#
#......#
#......#
######.#
+#


You could see Edmund.

Vanquished Creatures
  An orc (D:5)
  A hobgoblin (D:4)
2 creatures vanquished.

Notes
Turn   | Place    | Note
-------+----------+-------------------------------------------
     0 | D:5      | RancidPinata the Octopode Delver began the quest for the
                  | Orb.
     0 | D:5      | Reached XP level 1. HP: 16/16 MP: 1/1
     6 | D:6      | Noticed a kobold brigand
    25 | D:6      | Noticed a hound
   183 | D:4      | Noticed an iguana
   201 | D:4      | Noticed Edmund
   211 | D:4      | Mangled by Edmund

Illustrated notes

Levels and vault maps discovered:
D:4:      layout_gridville, mainiacjoe_overflow_catch_the_wave,
          nicolae_ossuary_entry_ruins, kennysheep_flooded_box, minmay_quantized,
          uniq_sigmund, uniq_edmund
D:5:      layout_cave_pools, minmay_between
D:6:      layout_loops_ring, minmay_temple_entry_waves,
          cheibrodos_sewer_entry_sluice, minmay_manual_mess, uniq_pikel,
          uniq_grinder, uniq_blork_the_orc

Action                     || total
---------------------------++-------
  Melee: Short sword       ||    15
         Tentacles         ||     3
         Constrict         ||     2
   Stab: Sleeping          ||     2
 Armour: Skin              ||     4
  Dodge: Dodged            ||     9
